 Dungeon Crawl Stone Soup version 0.32-a0-519-g08f29ac1c3 (webtiles) character file.

Game seed: 4333556937676903579

95 senseless the Shooter (level 4, 0/34 HPs)
             Began as a Coglin Hunter on Feb 28, 2024.
             Slain by Natasha (6 damage)
             ... on level 2 of the Dungeon.
             The game lasted 00:04:00 (1391 turns).

senseless the Shooter (Coglin Hunter)               Turns: 1391, Time: 00:04:01

Health: 0/34       AC:  3    Str: 11    XL:     4   Next: 65%
Magic:  4/4        EV: 12    Int:  8    God:
Gold:   122        SH:  0    Dex: 20    Spells: 3/3 levels left

rFire   . . .        d - +1 sling {Ana}
rCold   . . .        (no shield)
rNeg    . . .        c - +0 leather armour
rPois   .            (no helmet)
rElec   .            (no cloak)
rCorr   .            (no gloves)
SInv    .            (no boots)
Will    .....        (no amulet)
Stlth   ++           (ring unavailable)
HPRegen 0.25/turn    (ring unavailable)
MPRegen 0.09/turn

%: no passive effects
@: slowed, revved, very slow
A: off-hand wielding, slow wielding, warmup strikes, no rings
a: no special abilities


You were on level 2 of the Dungeon.
You visited 1 branch of the dungeon, and saw 2 of its levels.

You collected 122 gold pieces.

Inventory:

Hand Weapons
 a - a +0 shortbow {Mai}
 d - a +1 sling (weapon) {Ana}
Armour
 c - a +0 leather armour (worn)
Talismans
 f - a storm talisman
Scrolls
 b - a scroll of butterflies
 i - a scroll of teleportation
 j - a scroll of fog {unknown}
Potions
 e - a potion of brilliance
 g - a potion of curing {unknown}
 h - a potion of heal wounds {unknown}


   Skills:
 + Level 2.9 Fighting
 + Level 4.1 Ranged Weapons
 + Level 2.5 Dodging
 + Level 1.9 Stealth


You had 3 spell levels left.
You didn't know any spells.
Your spell library was empty.

Dungeon Overview and Level Annotations

Branches:
Dungeon (2/15)

Altars:

Annotations:
D:2 Natasha


Innate Abilities, Weirdness & Mutations

You can wield a second weapon in your off-hand.
It takes a long time for you to wield or remove held weapons.
Your first few attacks do less damage.
Your grasper-arms cannot wear rings.


Message History

The sling bullet hits Natasha but does no damage.
Natasha is lightly wounded.
Natasha claws you.
You shoot a sling bullet.
The sling bullet closely misses Natasha.
Natasha barely misses you. Natasha casts a spell at you.
You feel yourself slow down.
You shoot a sling bullet. The sling bullet barely misses Natasha.
Natasha claws you!
You shoot a sling bullet. The sling bullet hits Natasha.
Natasha is heavily wounded.
Natasha casts a spell.
Natasha claws you!
You shoot a sling bullet. The sling bullet misses Natasha.
The sling bullet hits the cerulean imp.
The cerulean imp is moderately wounded.
Natasha claws you.
Natasha wildly gestures.
You feel troubled. Natasha closely misses you.
The cerulean imp hits you but does no damage.
You shoot a sling bullet. The sling bullet hits Natasha.
Natasha is severely wounded.
Natasha wildly gestures.
You feel troubled. Natasha claws you.
* * * LOW HITPOINT WARNING * * *
The cerulean imp completely misses you.
Natasha mumbles some strange words.
You feel troubled. Natasha closely misses you.
The cerulean imp hits you from afar with a +0 spear.
* * * LOW HITPOINT WARNING * * *
You shoot a sling bullet.
The sling bullet closely misses Natasha.
The sling bullet barely misses the cerulean imp.
Natasha claws you.
You die...
Natasha curls up and begins to purr.

...........# #.# #.# #.#
#####.####.# #.# #.# #.# # #.#
#.# #.# #.# #.# # #.# #.# #.#
#.# #.# # #.# #.# #.# #.# #.# #
#.####.## #.# #.# #.# #
#.......# #.# #.# #.#
#####.####..########.# #.# #.#
......####....5h@....###.####.#
...........#########..........#
#####÷####### #.###.####.#
............# #†#...# #.#
........>...# #.#.### #.#
.####.#####.# #)#.# #.# #####.#
#.# #.#.######.# ......# #.#
#.#........# ####### #.#
#.#.######.#


You could see Natasha and a cerulean imp (summoned).

Vanquished Creatures
  Natasha (twice) (D:2)
  An adder (D:2)
  A dart slug (D:2)
  7 bats
  2 endoplasms (D:1)
  2 giant cockroaches (D:2)
  4 goblins
  4 hobgoblins
  3 kobolds (D:1)
  A quokka (D:1)
  A ball python (D:1)
  2 frilled lizards (D:1)
  3 rats
33 creatures vanquished.

Notes
Turn   | Place    | Note
-------+----------+-------------------------------------------
     0 | D:1      | senseless the Coglin Hunter began the quest for the Orb.
     0 | D:1      | Reached XP level 1. HP: 16/16 MP: 1/1
    41 | D:1      | Reached skill level 1 in Stealth
    94 | D:1      | Reached XP level 2. HP: 22/22 MP: 2/2
   725 | D:2      | Reached XP level 3. HP: 28/28 MP: 3/3
   873 | D:2      | HP: 1/28 [poisoned by an adder]
  1206 | D:2      | Noticed Natasha
  1212 | D:2      | Killed Natasha
  1213 | D:2      | Reached skill level 4 in Ranged Weapons
  1213 | D:2      | Reached XP level 4. HP: 32/34 MP: 4/4
  1292 | D:2      | Noticed Natasha
  1303 | D:2      | Killed Natasha
  1381 | D:2      | Noticed Natasha
  1391 | D:2      | Slain by Natasha

Illustrated notes

Levels and vault maps discovered:
D:1:      psy_arrival_statuary, layout_basic, minmay_misc_feat_pillars
D:2:      layout_loops_ring, uniq_natasha

Skill      XL: |  1  2  3 |
---------------+----------+-----
Stealth        | 1 |  1.9
Dodging        | 2 |  2.5
Ranged Weapons | 4 |  4.1
Fighting       | |  2.9

Action                     |  1- 3 |  4- 6 || total
---------------------------+-------+-------++-------
   Fire: Shortbow          |    85 |       ||    85
         Sling             |     6 |    21 ||    27
    Use: Scroll            |     3 |       ||     3
 Armour: Leather armour    |    20 |    18 ||    38
  Dodge: Dodged            |    15 |    10 ||    25
         Repelled          |     1 |       ||     1

Table legend: (Time is in decaauts)
 A = Elapsed time spent in this place.
 B = Non-inter-level travel time spent in this place.
 C = Inter-level travel time spent in this place.
 D = Time resting spent in this place.
 E = Time spent auto-exploring this place.
 F = Levels seen in this place.
 G = Mean time per level.
                   A        B        C        D        E       F      G
               +--------+--------+--------+--------+--------+-----+--------+
         Total |   1428 |   1408 |     20 |    111 |   1064 |   2 |  714.0 |
       Dungeon |   1428 |   1408 |     20 |    111 |   1064 |   2 |  714.0 |
               +--------+--------+--------+--------+--------+-----+--------+

Top non-repeatable levels by time:
     D:1: 727 daAuts
     D:2: 700 daAuts
